[Event "Early-Titled-Tuesday-Blitz-May-28-2024"]
[Site "Chess.com"]
[Date "2024.05.28"]
[Round "4"]
[White "ChessShop"]
[Black "kleinebeer98"]
[Result "0-1"]
[WhiteElo "2665"]
[BlackElo "2962"]
[TimeControl "180+1"]
[EndTime "8:38:34 PDT"]
[Termination "kleinebeer98 won by resignation"]

1. d4 d5 2. Nf3 Nc6 3. Bf4 Bg4 4. Nbd2 e6 5. a3 Bd6 6. Bxd6 Qxd6 7. e3 Nge7 8. c4 O-O 9. Rc1 Rad8 10. Be2 e5 11. cxd5 Qxd5 12. e4 Qa5 13. d5 Bxf3 14. Bxf3 Nd4 15. O-O b5 16. Nb3 Nxb3 17.
Qxb3 Rd6 18. Rc5 c6 19. Rfc1 cxd5 20. Rxb5 Qd8 21. exd5 f5 22. g3 e4 23. Be2 f4 24.
Bg4 e3 25. fxe3 fxg3 26. hxg3 Ng6 27. Be6+ Kh8 28. Rbc5 Qg5 29. e4 h5 30. Rc8 Kh7 31. Bf5 Rxf5 32. exf5 Qxf5 33. R8c6 Rxd5 34. Qc2 Qg5 35.
Rxg6 Qxg6 36. Qxg6+ Kxg6 37. Rc6+ Kf5 38. Rc7 Rd1+ 39. Kg2 Rd2+ 40. Kf3 Rxb2 41. Rxa7 Rb3+ 42. Kf2 g5 43. Rf7+ Kg4 44. Ra7 Rb2+ 45. Ke3 Kxg3 46.
a4 h4 47. a5 h3 0-1

[Event "Early-Titled-Tuesday-Blitz-May-28-2024"]
[Site "Chess.com"]
[Date "2024.05.28"]
[Round "4"]
[White "HowTo2Draw"]
[Black "GothamChess"]
[Result "1-0"]
[WhiteElo "2576"]
[BlackElo "2775"]
[TimeControl "180+1"]
[EndTime "8:38:34 PDT"]
[Termination "HowTo2Draw won by checkmate"]

1. c4 g6 2. Nf3 Bg7 3. g3 d6 4. Bg2 Nc6 5. d4 Bd7 6. O-O Qc8 7. h4 h6 8. Nc3 Bh3 9. b4 Bxg2 10. Kxg2 Nf6 11. b5 Nd8 12. e4 O-O 13. a4 c5 14.
Nd5 Nxd5 15. cxd5 cxd4 16. Bb2 e5 17. dxe6 Nxe6 18. Rc1 Qe8 19. Re1 a6 20. b6 Rc8 21.
Rxc8 Qxc8 22. Nxd4 Bxd4 23. Bxd4 Qc4 24. Ba1 Qc5 25. Qd2 Kh7 26. Qb2 Qc6 27. Kh2 Rc8 28.
Qf6 Qd7 29. Rd1 Rc6 30. Qh8# 1-0

[Event "Early-Titled-Tuesday-Blitz-May-28-2024"]
[Site "Chess.com"]
[Date "2024.05.28"]
[Round "4"]
[White "profedechess93"]
[Black "Viktoker"]
[Result "1-0"]
[WhiteElo "2593"]
[BlackElo "2395"]
[TimeControl "180+1"]
[EndTime "8:38:34 PDT"]
[Termination "profedechess93 won by resignation"]

1. e4 e5 2. Nf3 Nc6 3. Bc4 Nf6 4.
d3 Be7 5. c3 O-O 6. Bb3 d6 7.
Qe2 Be6 8. Bc2 Re8 9. Nbd2 h6 10. Nf1 Bf8 11. h3 d5 12. g4 dxe4 13. dxe4 Nd7 14.
Ng3 Nb6 15. b3 a5 16. g5 hxg5 17. Nxg5 f6 18. Nxe6 Rxe6 19. Rg1 Rd6 20. Nf5 Qe8 21.
Nxd6 cxd6 22. Be3 Nd7 23. Bd3 Nd8 24. Bc4+ Nf7 25. Qh5 b5 26. Bxb5 Rc8 27. Bc4 Nc5 28. Rg4 Ne6 29. Rh4 Nfg5 30. Qh8+ Kf7 31. Bxg5 fxg5 32.
Qh5+ Ke7 33. Bxe6 Qxh5 34. Rxh5 Kxe6 35. c4 Be7 36. h4 gxh4 37. Ke2 g6 38. Rh6 Kf6 39.
Rg1 Rg8 40. Rxh4 g5 41. Rh7 g4 42. Rgh1 Rg6 43. R1h6 1-0

[Event "Early-Titled-Tuesday-Blitz-May-28-2024"]
[Site "Chess.com"]
[Date "2024.05.28"]
[Round "4"]
[White "elcala"]
[Black "carloseduar100"]
[Result "0-1"]
[WhiteElo "2000"]
[BlackElo "2307"]
[TimeControl "180+1"]
[EndTime "8:38:35 PDT"]
[Termination "carloseduar100 won by resignation"]

1. d4 d5 2. Nf3 c6 3. c3 Nf6 4. Bf4 Bf5 5. e3 h6 6. Bd3 Bxd3 7. Qxd3 e6 8. Nbd2 Bd6 9. Ne5 Qe7 10. O-O Nbd7 11.
Ndf3 O-O 12. Bg3 Rfe8 13. c4 Nf8 14. c5 Bc7 15. Qb3 Rab8 16. Nd2 N6d7 17. f4 f6 18. Nxd7 Nxd7 19. Qc2 e5 20. fxe5 fxe5 21. Rae1 Rf8 22.
Rxf8+ Rxf8 23. Qg6 Rf6 24. Qg4 Nf8 25. Nf3 Rg6 26.
Qh3 Nd7 27. Qh5 Rxg3 28. hxg3 e4 29. Nd2 Bxg3 30. Rf1 Nf6 31. Qg4 Nxg4 0-1

[Event "Early-Titled-Tuesday-Blitz-May-28-2024"]
[Site "Chess.com"]
[Date "2024.05.28"]
[Round "4"]
[White "TigrVShlyape"]
[Black "GeorgiosSouleidis"]
[Result "1-0"]
[WhiteElo "2908"]
[BlackElo "2602"]
[TimeControl "180+1"]
[EndTime "8:38:36 PDT"]
[Termination "TigrVShlyape won by resignation"]

1. e4 c5 2. Nf3 e6 3. d4 cxd4 4.
Nxd4 Nf6 5. Nc3 Nc6 6. Ndb5 Bc5 7.
Bf4 O-O 8. Bc7 Qe7 9. Bd6 Bxd6 10. Qxd6 Qd8 11. Bd3 a6 12. Nd4 Ne8 13. Nxc6 bxc6 14. Qc5 Rb8 15. b3 d6 16. Qe3 e5 17. O-O Nf6 18. Rad1 Qe7 19. Na4 a5 20. Rfe1 Rd8 21.
Bc4 Be6 22. Bxe6 Qxe6 23. Qc3 Rb4 24. Qxc6 h5 25. c4 Rbb8 26. Nb6 h4 27. h3 Nh5 28. Nd5 Nf4 29. Nxf4 exf4 30. Qd5 Qg6 31. Qd3 Qg5 32. Qf3 a4 33. Rd5 axb3 1-0

[Event "Early-Titled-Tuesday-Blitz-May-28-2024"]
[Site "Chess.com"]
[Date "2024.05.28"]
[Round "4"]
[White "aljado"]
[Black "ural58"]
[Result "0-1"]
[WhiteElo "2164"]
[BlackElo "2444"]
[TimeControl "180+1"]
[EndTime "8:38:37 PDT"]
[Termination "ural58 won by resignation"]

1. e4 d5 2. d4 dxe4 3. Nc3 e5 4. d5 Nf6 5. Bg5 Bb4 6. Ne2 Qxd5 7. Bxf6 Qxd1+ 8.
Rxd1 gxf6 9. a3 Bxc3+ 10. Nxc3 Be6 11. Nxe4 Nd7 12. g3 O-O-O 13. Bg2 f5 14. Nc3 e4 15.
O-O Ne5 16. f4 Nc4 17. Rfe1 Nxb2 18. Rb1 Nc4 19. a4 Rd2 20. Nb5 c6 21. Bf1 cxb5 22. Rxb5 Nd6 23. Rb2 Bc4 24. Bg2 Rd8 25. Reb1 Ba6 26.
h3 Nc4 27. Rb4 Ne3 28. Bh1 Rd1+ 29. Kf2 Nxc2 0-1

[Event "Early-Titled-Tuesday-Blitz-May-28-2024"]
[Site "Chess.com"]
[Date "2024.05.28"]
[Round "4"]
[White "rionelG"]
[Black "dianamirza"]
[Result "1-0"]
[WhiteElo "2309"]
[BlackElo "2012"]
[TimeControl "180+1"]
[EndTime "8:38:40 PDT"]
[Termination "rionelG won by resignation"]

1. e4 d5 2. exd5 Qxd5 3. Nc3 Qd8 4. d4 Nf6 5. Bc4 a6 6. Nge2 b5 7. Bb3 Bb7 8. O-O e6 9. Nf4 Bd6 10. d5 Bxf4 11. Bxf4 Nxd5 12. Nxd5 Bxd5 13. Bxd5 exd5 14.
Re1+ Kf8 15. Qd4 c6 16. Qc5+ Kg8 17. Re7 h5 18. Rae1 Kh7 19. Rxf7 Re8 20. Rxe8 Qxe8 21. Re7 Qf8 22. Qd6 a5 23. Be5 Na6 24. Rxg7+ Qxg7 25. Bxg7 Kxg7 26. Qxc6 1-0

[Event "Early-Titled-Tuesday-Blitz-May-28-2024"]
[Site "Chess.com"]
[Date "2024.05.28"]
[Round "4"]
[White "Dolphin_2010"]
[Black "wonderfultime"]
[Result "1-0"]
[WhiteElo "2760"]
[BlackElo "3010"]
[TimeControl "180+1"]
[EndTime "8:38:41 PDT"]
[Termination "Dolphin_2010 won by resignation"]

1. d4 d5 2. c4 c6 3. Nc3 Nf6 4.
cxd5 cxd5 5. Bf4 Nc6 6. e3 a6 7. Bd3 Bg4 8. Nf3 e6 9. O-O Bd6 10. Bxd6 Qxd6 11. h3 Bxf3 12. Qxf3 O-O 13. Rac1 Rac8 14.
a3 Rc7 15. Na4 Rfc8 16. Rc3 e5 17. Qg3 g6 18. Rfc1 Re8 19. dxe5 Rxe5 20. Nc5 d4 21. Nxb7 Qd5 22. Rxc6 Rxc6 23. Rxc6 dxe3 24. Rxf6 Rg5 25. Rd6 exf2+ 26. Kxf2 Qxb7 27. Qxg5 Qxb2+ 28. Be2 Qxa3 29. Qe5 1-0

[Event "Early-Titled-Tuesday-Blitz-May-28-2024"]
[Site "Chess.com"]
[Date "2024.05.28"]
[Round "4"]
[White "Qvalda"]
[Black "Lion-Al-Messi"]
[Result "0-1"]
[WhiteElo "2414"]
[BlackElo "2644"]
[TimeControl "180+1"]
[EndTime "8:38:42 PDT"]
[Termination "Lion-Al-Messi won by checkmate"]

1. d4 Nf6 2. c4 b6 3. Nc3 Bb7 4. Qc2 d5 5. cxd5 Nxd5 6. e4 Nxc3 7. bxc3 e6 8. Nf3 Be7 9. Bb5+ c6 10. Bd3 c5 11. O-O Nd7 12. a4 Rc8 13. Qe2 Qc7 14. a5 bxa5 15. d5 e5 16. c4 O-O 17. Bd2 Nb6 18. Bxa5 Qd6 19. Rfb1 f6 20. Nh4 g6 21. Qg4 Kf7 22. h3 Ra8 23. Rb2 Bc8 24.
Qe2 Bd7 25. Rab1 Rfb8 26. Qd2 Kg7 27. g4 Na4 28. Rxb8 Rxb8 29. Rxb8 Qxb8 30. Ng2 Qb2 31. Qe3 Nc3 32. h4 Qa1+ 33. Kh2 Qxa5 34. h5 Qa2 35. h6+ Kf7 36. g5 Nd1 37. Qc1 Nxf2 38. Bf1 Ng4+ 39. Kh1 Qf2 40. gxf6 Nxf6 41. d6 Nxe4 42. dxe7 Ng3+ 43.
Kh2 Nxf1+ 44. Kh1 Ng3+ 45. Kh2 Bc6 46. e8=Q+ Kxe8 47. Kh3 Qxg2+ 48. Kg4 Ne2+ 49. Kh4 Qg3# 0-1

[Event "Early-Titled-Tuesday-Blitz-May-28-2024"]
[Site "Chess.com"]
[Date "2024.05.28"]
[Round "4"]
[White "AlexandraSamaganova"]
[Black "HansOnTwitch"]
[Result "0-1"]
[WhiteElo "2394"]
[BlackElo "3125"]
[TimeControl "180+1"]
[EndTime "8:38:43 PDT"]
[Termination "HansOnTwitch won by resignation"]

1. c4 e5 2. Nc3 Nf6 3. Nf3 Nc6 4. a3 d5 5. cxd5 Nxd5 6. Qc2 Be7 7. e3 O-O 8. b4 a6 9. Bb2 Nxc3 10. Bxc3 Bd6 11. d4 Qe7 12. d5 Nb8 13. e4 Nd7 14. Bd3 Nf6 15. h3 Nh5 16. Bd2 Nf4 17. Bxf4 exf4 18.
Qe2 f6 19. O-O Kh8 20. Nh2 Bd7 21. Rfc1 a5 22. b5 a4 23. Qa2 b6 24. Rc2 Ra5 25.
Rb1 Re8 26. Nf3 g5 27. Nd4 Bc5 28. Nc6 Bxc6 29. dxc6 Bxa3 30. Qc4 Bd6 31. Qd5 a3 32. Bc4 Raa8 33. f3 Qe5 34. Qf7 Re7 35. Qh5 Rg7 36.
Qg4 Qe8 37. Qf5 Qe5 38. Qg4 Rf8 39. Ra2 Qd4+ 40. Kh2 Qxc4 41. Rba1 Qxb5 42. Rc1 f5 43. exf5 Qxf5 44. Qh5 Qg6 45. Qg4 h5 0-1

[Event "Early-Titled-Tuesday-Blitz-May-28-2024"]
[Site "Chess.com"]
[Date "2024.05.28"]
[Round "4"]
[White "RianKapriaga"]
[Black "Stanbad1"]
[Result "0-1"]
[WhiteElo "2317"]
[BlackElo "2638"]
[TimeControl "180+1"]
[EndTime "8:38:43 PDT"]
[Termination "Stanbad1 won on time"]

1. d4 Nf6 2. Nf3 g6 3. c4 Bg7 4. Nc3 d6 5. Bg5 O-O 6. e3 c5 7. d5 a6 8. Nd2 b5 9. cxb5 axb5 10. Bxb5 Na6 11. O-O Nc7 12. Bc4 Ba6 13. e4 e6 14. Re1 exd5 15. exd5 h6 16. Bh4 Qd7 17. Qf3 g5 18. Bg3 Rfe8 19. h3 Rab8 20. Bxa6 Nxa6 21. Nc4 Rxe1+ 22. Rxe1 Ne8 23. Ne4 f5 24. Nexd6 f4 25.
Nxe8 Rxe8 26. Rxe8+ Qxe8 27. d6 fxg3 28. fxg3 Qe1+ 29.
Kh2 Bd4 30. Qd5+ Kg7 31. Qxd4+ cxd4 32. d7 Qe7 33. Ne5 Nc5 0-1

[Event "Early-Titled-Tuesday-Blitz-May-28-2024"]
[Site "Chess.com"]
[Date "2024.05.28"]
[Round "4"]
[White "ubdip"]
[Black "Tagir45"]
[Result "0-1"]
[WhiteElo "2446"]
[BlackElo "2633"]
[TimeControl "180+1"]
[EndTime "8:38:43 PDT"]
[Termination "Tagir45 won by checkmate"]

1. c4 e5 2. Nc3 Nf6 3. Nf3 Nc6 4. e3 d5 5. cxd5 Nxd5 6. Bb5 Nxc3 7. bxc3 Bd6 8. d4 exd4 9. cxd4 O-O 10. O-O Bg4 11. h3 Bh5 12. Bb2 a6 13. Be2 Re8 14.
Nd2 Bxe2 15. Qxe2 Qh4 16. Qf3 Re6 17. Nc4 Rf6 18. Qg4 Qxg4 19. hxg4 Rg6 20. Nxd6 Rxd6 21.
Rac1 Rd7 22. Rc5 Nd8 23. Rfc1 Ne6 24. Re5 c6 25. f4 Rad8 26. Ba3 Rd5 27. Kf2 Rxe5 28.
fxe5 Rd5 29. Bd6 Ra5 30. a3 Rb5 31. Kf3 Rb3 32. Ke4 Ng5+ 33. Kf5 h6 34. Re1 Rb2 35. Rg1 Rf2# 0-1

[Event "Early-Titled-Tuesday-Blitz-May-28-2024"]
[Site "Chess.com"]
[Date "2024.05.28"]
[Round "4"]
[White "Chernov_Mikhail"]
[Black "banane_verte"]
[Result "0-1"]
[WhiteElo "2316"]
[BlackElo "2506"]
[TimeControl "180+1"]
[EndTime "8:38:43 PDT"]
[Termination "banane_verte won on time"]

1. e4 e6 2. d3 d5 3. Nd2 Nf6 4. Ngf3 Nc6 5. g3 dxe4 6. dxe4 e5 7. Bg2 Bc5 8. O-O O-O 9. c3 a5 10. a4 b6 11. Nc4 Ba6 12. Qe2 Qe7 13. Bg5 h6 14. Bxf6 Qxf6 15. Rfe1 Rad8 16. Rad1 Rxd1 17. Rxd1 Rd8 18. Rxd8+ Qxd8 19. Bf1 f6 20. Qd2 Qxd2 21. Nfxd2 Bb7 22. Nb3 Be7 23. Ne3 Nd8 24. Bc4+ Kf8 25.
Nd5 Bd6 26. f3 Ke8 27. Kf2 Kd7 28. Ke2 Ne6 29. Ne3 Nc5 30. Nxc5+ Bxc5 31. Nf5 Bf8 32.
h4 c6 33. h5 Kc7 34. Kd3 Bc8 35. g4 Bd7 36. b3 b5 37. axb5 cxb5 38. Bd5 Kb6 39. c4 Kc5 40. Kc3 Kb6 41. Kd3 a4 42.
bxa4 bxa4 43. Kc3 Kc5 44. Ne3 a3 45. Nc2 a2 46. Kb2 Ba4 0-1

[Event "Early-Titled-Tuesday-Blitz-May-28-2024"]
[Site "Chess.com"]
[Date "2024.05.28"]
[Round "4"]
[White "chessburger_tv"]
[Black "zurzan"]
[Result "1-0"]
[WhiteElo "2391"]
[BlackElo "2141"]
[TimeControl "180+1"]
[EndTime "8:38:43 PDT"]
[Termination "chessburger_tv won by checkmate"]

1. Nc3 g6 2. d4 Bg7 3. e4 d6 4.
Be3 c6 5. g3 Nd7 6. Bg2 Ngf6 7.
Nge2 O-O 8. h3 b5 9. O-O Rb8 10. Qd2 a5 11. g4 b4 12. Nd1 Nb6 13. b3 d5 14. e5 Ne4 15. Qe1 f5 16. f3 Nc3 17.
Ndxc3 bxc3 18. Qxc3 fxg4 19. fxg4 Ba6 20. Rxf8+ Qxf8 21. Nf4 Qe8 22. Qxa5 Bc8 23. a4 h5 24. gxh5 gxh5 25.
Bf3 h4 26. Kh2 Bh6 27. Rg1+ Kh8 28. Ng6+ Kh7 29. Bxh6 Kxh6 30. Qd2+ Kh7 31. Qg5 Qf7 32. Qh5+ Kg7 33. Qh8# 1-0

[Event "Early-Titled-Tuesday-Blitz-May-28-2024"]
[Site "Chess.com"]
[Date "2024.05.28"]
[Round "4"]
[White "ViktoriyaTarasova"]
[Black "Renatoforf"]
[Result "1-0"]
[WhiteElo "2367"]
[BlackElo "2097"]
[TimeControl "180+1"]
[EndTime "8:38:45 PDT"]
[Termination "ViktoriyaTarasova won by resignation"]

1. d4 Nf6 2. c4 e6 3. Nc3 Bb4 4. e3 c5 5. Ne2 d6 6. a3 Ba5 7. Rb1 Nc6 8. d5 Bxc3+ 9. Nxc3 Ne7 10. e4 e5 11. Be2 Ng6 12. O-O O-O 13.
Be3 h6 14. h3 a5 15. Qd2 a4 16.
Kh2 Bd7 17. Bd3 Nh5 18. g3 f5 19. exf5 Bxf5 20. Bxf5 Rxf5 21. Qd3 Rf6 22. Ne4 Rf8 23. Nxc5 Ngf4 24. Bxf4 Nxf4 25. gxf4 dxc5 26. fxe5 Qh4 27.
Qg3 Qxc4 28. Rg1 Rf7 29. Rbd1 Raf8 30. Rg2 g5 31. e6 Rf4 32. e7 Re8 33. d6 Qb3 34.
Qxb3+ axb3 35. d7 Kf7 36. dxe8=Q+ Kxe8 37. Re1 Rc4 38. Kg1 Rc2 39. f3 c4 40. Rxc2 bxc2 41.
Rc1 Kxe7 42. Rxc2 Ke6 43. Rxc4 Kd5 44. Rc7 Kd4 45. Rxb7 Ke3 46. a4 Kxf3 47. a5 1-0

[Event "Early-Titled-Tuesday-Blitz-May-28-2024"]
[Site "Chess.com"]
[Date "2024.05.28"]
[Round "4"]
[White "RamonManon0g"]
[Black "MikeSailer"]
[Result "1-0"]
[WhiteElo "2435"]
[BlackElo "2069"]
[TimeControl "180+1"]
[EndTime "8:38:45 PDT"]
[Termination "RamonManon0g won by checkmate"]

1. e4 d5 2. exd5 Qxd5 3. Nc3 Qd6 4. d4 c6 5. Be2 Nf6 6. h3 Bf5 7. Nf3 e6 8. O-O Qc7 9. Re1 Bd6 10. Bg5 Nbd7 11. Bd3 Bxd3 12. Qxd3 O-O 13. Rad1 a5 14.
Ne4 Nxe4 15. Rxe4 a4 16. Rg4 f5 17. Rh4 Ra5 18. Re1 e5 19. dxe5 Nxe5 20. Nxe5 Rxe5 21.
Rxe5 Bxe5 22. Rxa4 Bxb2 23. Qb3+ Kh8 24. Qxb2 f4 25. Qa3 Kg8 26. Ra8 Rxa8 27. Qxa8+ Kf7 28. Qd8 Qe5 29. Qd7+ Kg6 30. Bh4 Qa1+ 31. Kh2 Qxa2 32. Qg4+ Kf7 33. Qxf4+ Kg6 34. Qe4+ Kf7 35. f4 Qb2 36. f5 Qa2 37. Qe7+ Kg8 38. Qe8# 1-0

[Event "Early-Titled-Tuesday-Blitz-May-28-2024"]
[Site "Chess.com"]
[Date "2024.05.28"]
[Round "4"]
[White "OhanyanEminChess"]
[Black "DanielNaroditsky"]
[Result "0-1"]
[WhiteElo "2821"]
[BlackElo "3077"]
[TimeControl "180+1"]
[EndTime "8:38:48 PDT"]
[Termination "DanielNaroditsky won by checkmate"]

1. d4 Nf6 2. Nf3 g6 3. b3 Bg7 4. Bb2 O-O 5. g3 c5 6. dxc5 Na6 7. Bg2 Nxc5 8. O-O d5 9. Nbd2 Be6 10. Ne5 Qc7 11. Nd3 Nce4 12. Nxe4 dxe4 13. Nf4 Bf5 14.
c4 Rad8 15. Qc1 e6 16. h4 h6 17. Bc3 Ng4 18. Bxg7 Kxg7 19. Qc3+ Kg8 20. Rad1 b5 21. c5 Qe5 22. Qxe5 Nxe5 23. Rfe1 a5 24. Kf1 Rc8 25. Rc1 Rfd8 26. a3 b4 27. axb4 axb4 28. Ra1 Rxc5 29. Ra4 Nc6 30. Ra6 Rc3 31. Rb6 Nd4 32. Rxb4 Nc2 33.
Rc1 Nxb4 34. Rxc3 Rd1# 0-1

[Event "Early-Titled-Tuesday-Blitz-May-28-2024"]
[Site "Chess.com"]
[Date "2024.05.28"]
[Round "4"]
[White "LeoLV10"]
[Black "francyIM"]
[Result "0-1"]
[WhiteElo "2571"]
[BlackElo "2811"]
[TimeControl "180+1"]
[EndTime "8:38:49 PDT"]
[Termination "francyIM won by resignation"]

1. e4 Nc6 2. d4 d5 3. e5 Bf5 4. c3 e6 5. Bb5 Qd7 6. Ne2 f6 7. f4 Nge7 8. O-O h5 9. h3 h4 10.
Be3 a6 11. Ba4 Bg6 12. Nd2 Nf5 13. Bf2 Bh5 14. Qe1 Be7 15. Kh2 O-O-O 16. b4 g5 17. Bc2 g4 18. Bg1 Rdg8 19. a4 gxh3 20. gxh3 Bxe2 21. Qxe2 Ng3 22. Qf3 fxe5 23. dxe5 Nxf1+ 24. Nxf1 Qe8 25. b5 Nb8 26. Bd3 Qf7 27. bxa6 Nxa6 28. Bxa6 bxa6 29. c4 Rf8 30. Be3 Bg5 31. f5 Qxf5 32.
Qxf5 Rxf5 33. Bxg5 Rxg5 34. cxd5 exd5 35. Re1 Re8 36. e6 Rg6 37. Re5 c6 38. e7 Kd7 39.
Rh5 Rxe7 40. Rxh4 Re2+ 41. Kh1 Rf2 42. Nh2 Kd6 43. Ng4 Rf4 44. Rh8 Rxa4 45. Rd8+ Kc7 46. Rf8 Raxg4 47. hxg4 Rxg4 48. Kh2 a5 49. Rf7+ 0-1

[Event "Early-Titled-Tuesday-Blitz-May-28-2024"]
[Site "Chess.com"]
[Date "2024.05.28"]
[Round "4"]
[White "KingCrusher275"]
[Black "Nitzan_Steinberg"]
[Result "0-1"]
[WhiteElo "2598"]
[BlackElo "2898"]
[TimeControl "180+1"]
[EndTime "8:38:52 PDT"]
[Termination "Nitzan_Steinberg won by resignation"]

1. d4 d5 2. c4 e6 3. Nc3 c5 4. cxd5 cxd4 5. Qxd4 Nc6 6. Qd1 exd5 7. Nxd5 Be6 8. Nc3 Nf6 9. Nf3 Qxd1+ 10. Nxd1 Nb4 11. Ne3 Nxa2 12. Bd2 Bc5 13. g3 Ne4 14. Bg2 Rd8 15. Bc1 Bb4+ 16. Kf1 Rc8 17. Nd4 Rxc1+ 18.
Rxc1 Nd2+ 19. Kg1 Nxc1 20. Bxb7 O-O 21. Kg2 Ncb3 22. Nxe6 fxe6 23. Rd1 a5 24. Bc6 Nd4 25. Bd7 Rd8 26. Ba4 Nxe2 27. Bb3 Kf7 28. Nc2 Nd4 29. Nxb4 N4xb3 30. Nc6 Rd5 31. f4 Nc4 32. Ne5+ Nxe5 0-1

[Event "Early-Titled-Tuesday-Blitz-May-28-2024"]
[Site "Chess.com"]
[Date "2024.05.28"]
[Round "4"]
[White "dozer80"]
[Black "Al_Shima"]
[Result "1-0"]
[WhiteElo "2715"]
[BlackElo "2489"]
[TimeControl "180+1"]
[EndTime "8:38:52 PDT"]
[Termination "dozer80 won on time"]

1. Nf3 Nf6 2. g3 c5 3. Bg2 Nc6 4. O-O d5 5. c4 e6 6. cxd5 exd5 7. d4 Be6 8. Nc3 Be7 9. dxc5 Bxc5 10. Bg5 Be7 11.
Nd4 h6 12. Bxf6 Bxf6 13. Nxe6 fxe6 14. e4 Bxc3 15. bxc3 d4 16. cxd4 Qxd4 17. Qh5+ Ke7 18. Rab1 Rab8 19. Rfd1 Qe5 20. Qe2 g5 21. Qc4 Qc7 22.
Qc5+ Kf7 23. e5 Qxe5 24. Rd7+ Kf6 25. Qc2 Rhd8 26. Rh7 Qf5 27. Be4 1-0

[Event "Early-Titled-Tuesday-Blitz-May-28-2024"]
[Site "Chess.com"]
[Date "2024.05.28"]
[Round "4"]
[White "AldokhinIvan"]
[Black "AnishOnYoutube"]
[Result "0-1"]
[WhiteElo "2610"]
[BlackElo "3038"]
[TimeControl "180+1"]
[EndTime "8:38:53 PDT"]
[Termination "AnishOnYoutube won on time"]

1. e4 c5 2. Nf3 d6 3. d4 cxd4 4. Nxd4 Nf6 5. Nc3 a6 6. Bc4 e6 7.
Bb3 b5 8. O-O Be7 9. Qf3 Qc7 10.
Re1 O-O 11. Qg3 Kh8 12. Bg5 b4 13. Na4 Nc6 14. Rad1 Bd7 15. Qh4 Ne5 16. f4 Ng6 17. Qf2 Ng4 18. Qg3 Bxg5 19. fxg5 N4e5 20. h4 Qa5 21. h5 Ne7 22. h6 Bxa4 23. Ne2 Bxb3 24. axb3 Qc5+ 25. Kh1 N5g6 26. Rxd6 Qe5 0-1

[Event "Early-Titled-Tuesday-Blitz-May-28-2024"]
[Site "Chess.com"]
[Date "2024.05.28"]
[Round "4"]
[White "Caracal3000"]
[Black "zimmm36"]
[Result "1-0"]
[WhiteElo "2568"]
[BlackElo "2770"]
[TimeControl "180+1"]
[EndTime "8:38:54 PDT"]
[Termination "Caracal3000 won by resignation"]

1. e4 c6 2. Nc3 d5 3. Nf3 Bg4 4.
h3 Bxf3 5. Qxf3 e6 6. Be2 d4 7. Nb1 Bd6 8. O-O Nd7 9. g3 h5 10. h4 Ngf6 11. d3 Ng4 12. Qg2 Ndf6 13. Nd2 b5 14. a4 a6 15. e5 Nxe5 16. f4 Ng6 17.
Qxc6+ Kf8 18. axb5 Nd5 19. Rxa6 Rxa6 20. bxa6 Bxf4 21.
a7 Be3+ 22. Kg2 Nc7 23. Nc4 Bxc1 24. Qxc7 Qxc7 25. a8=Q+ Ke7 26. Qa3+ Ke8 27. Rxc1 Rh6 28. Qd6 Qxd6 29. Nxd6+ Ke7 30. Ne4 Rh8 31. b4 Rb8 32.
Rb1 f5 33. Nc5 Kd6 34. Bxh5 Ne7 35. Bf3 e5 36. g4 fxg4 37. Be4 Nd5 38. Bxd5 Kxd5 39.
Ne4 Rc8 40. Rb2 Rb8 41. b5 Rb6 42. Kg3 Ke6 43. Kxg4 Kf7 44. Nc5 Kg6 45. Nd7 Rb7 46. Nxe5+ Kh6 47. b6 g6 48. Nc6 g5 49. hxg5+ Kg6 50. Na5 Rb8 51. b7 Rxb7 52. Nxb7 1-0

[Event "Early-Titled-Tuesday-Blitz-May-28-2024"]
[Site "Chess.com"]
[Date "2024.05.28"]
[Round "4"]
[White "KnightDuta"]
[Black "Engima32"]
[Result "1-0"]
[WhiteElo "2723"]
[BlackElo "2501"]
[TimeControl "180+1"]
[EndTime "8:38:56 PDT"]
[Termination "KnightDuta won by checkmate"]

1. e4 c5 2. Nf3 d6 3. d4 cxd4 4.
Nxd4 Nf6 5. Nc3 a6 6. f3 e5 7. Nb3 Be6 8. Be3 Nbd7 9. Nd5 Bxd5 10. exd5 b5 11. a4 b4 12. a5 Be7 13. Ra4 Rb8 14.
Bxa6 Qc7 15. O-O O-O 16. Qd2 Nc5 17. Nxc5 dxc5 18. Bc4 Ne8 19. a6 Nd6 20. Qe2 Rb6 21. Rfa1 Ra8 22. Ra5 Nf5 23. Bf2 Nd4 24. Qd1 Bd6 25.
g3 f5 26. c3 bxc3 27. bxc3 g6 28. Kg2 Rb2 29. R5a2 Qb6 30. cxd4 cxd4 31. Rxb2 Qxb2 32. Ra2 Qc3 33. Qb3 Qxb3 34. Bxb3 Kf8 35. Bc4 Ke7 36. Bb5 Kd8 37. Bc6 Ra7 38. Be1 Bc5 39. Ba5+ Ke7 40. Bb7 Kd6 41. Kf1 e4 42. fxe4 fxe4 43. Rf2 d3 44.
Rf7 e3 45. Bc7# 1-0

[Event "Early-Titled-Tuesday-Blitz-May-28-2024"]
[Site "Chess.com"]
[Date "2024.05.28"]
[Round "4"]
[White "GM_Huschenbeth"]
[Black "MNyuyu"]
[Result "0-1"]
[WhiteElo "2467"]
[BlackElo "2320"]
[TimeControl "180+1"]
[EndTime "8:38:57 PDT"]
[Termination "MNyuyu won by resignation"]

1. e4 d5 2. exd5 Qxd5 3. Nc3 Qd8 4. d4 c6 5. Nf3 Bg4 6. h3 Bxf3 7. Qxf3 e6 8. Be3 Nf6 9. g4 Bb4 10. g5 Nd5 11. Bd2 Nd7 12. h4 Qa5 13. Bd3 N7b6 14.
Ne4 Bxd2+ 15. Nxd2 Nb4 16. Be4 Rd8 17. c3 N4d5 18.
Nb3 Qb5 19. Bd3 Nc4 20. Qe2 Ndb6 21. h5 Qd5 22. Rg1 g6 23. Nc5 Nd6 24. O-O-O Qxa2 25. Kc2 Na4 26. Nxa4 Qxa4+ 27. Kb1 Kd7 28. Rh1 Kc8 29. Qe5 Rhf8 30. hxg6 hxg6 31. Rh7 Qxd1+ 32. Ka2 Qxd3 0-1

[Event "Early-Titled-Tuesday-Blitz-May-28-2024"]
[Site "Chess.com"]
[Date "2024.05.28"]
[Round "4"]
[White "Witik"]
[Black "GOGIEFF"]
[Result "0-1"]
[WhiteElo "2792"]
[BlackElo "3017"]
[TimeControl "180+1"]
[EndTime "8:39:00 PDT"]
[Termination "GOGIEFF won by resignation"]

1. d4 Nf6 2. Nf3 d5 3. Bf4 e6 4. e3 Bd6 5. Nbd2 b6 6. Bd3 Ba6 7. Bg5 Bxd3 8. cxd3 O-O 9. O-O Nbd7 10. Rc1 c5 11. e4 Be7 12. e5 Nh5 13. Be3 g6 14. Qa4 cxd4 15. Bxd4 Nf4 16. Rc6 Nxd3 17. a3 N7c5 18. Qb5 Rb8 19. Bxc5 Nxc5 20. Nd4 Ne4 21. N2f3 Bc5 22. b4 Qe7 23. Rc1 Bxd4 24. Nxd4 Qg5 25. Nf3 Qf4 26. Rc7 d4 27. Qd3 Nc3 28. Nxd4 Qxc1+ 0-1

[Event "Early-Titled-Tuesday-Blitz-May-28-2024"]
[Site "Chess.com"]
[Date "2024.05.28"]
[Round "4"]
[White "PapiPapita"]
[Black "PeshkaCh"]
[Result "0-1"]
[WhiteElo "2469"]
[BlackElo "2884"]
[TimeControl "180+1"]
[EndTime "8:39:00 PDT"]
[Termination "PeshkaCh won by resignation"]

1. c4 e5 2. g3 Nf6 3. Bg2 d5 4. cxd5 Nxd5 5. Nc3 Nb6 6. Nf3 Nc6 7. O-O Be7 8. a3 a5 9. d3 O-O 10. Be3 Be6 11. Bxb6 cxb6 12. Rc1 f6 13. Qa4 Qd7 14. Rfd1 Rfd8 15. Qb5 Ra6 16. Na4 Qd6 17. Kf1 Na7 18.
Qxa6 bxa6 19. Nd2 b5 20. Ne4 Qb8 21. Nac5 Bc8 22. b4 axb4 23. axb4 Qb6 24. Nc3 Bxc5 25. Nd5 Qe6 26. Rxc5 Bb7 27. Nxf6+ Qxf6 28. Bxb7 Qb6 29. Bd5+ Kh8 30. Rdc1 a5 31. bxa5 Qxa5 32. Be4 Qa6 33. Rxe5 b4 34. Rb1 Nc6 35. Re6 Qa2 36. Rc1 Qxe6 0-1

[Event "Early-Titled-Tuesday-Blitz-May-28-2024"]
[Site "Chess.com"]
[Date "2024.05.28"]
[Round "4"]
[White "1stSecond"]
[Black "RuperezA"]
[Result "1-0"]
[WhiteElo "2918"]
[BlackElo "2683"]
[TimeControl "180+1"]
[EndTime "8:39:01 PDT"]
[Termination "1stSecond won by resignation"]

1. d4 e6 2. Nf3 d5 3. c4 Nf6 4. Nc3 Be7 5. g3 O-O 6. Bg2 dxc4 7. Ne5 c5 8. dxc5 Qxd1+ 9. Nxd1 Bxc5 10. Bd2 Rd8 11.
Rc1 Nd5 12. Rxc4 Bd6 13. Nd3 Nc6 14. Ne3 Nb6 15. Rc1 Bd7 16. f4 Rab8 17. Kf2 e5 18.
Rhg1 exf4 19. gxf4 Rbc8 20. Bc3 Bf8 21. Be4 Na4 22. Bf6 Re8 23. Bd5 Nb6 24. Bb3 Na5 25. Rxg7+ Bxg7 26. Rg1 Kf8 27. Rxg7 Re6 28. Bxe6 Bxe6 29.
Rxh7 Ke8 30. Ne5 1-0